 Dungeon Crawl Stone Soup version 0.22-a0-322-g60b3cfd (webtiles) character file.

101 smeego the Ducker (level 4, -1/31 HPs)
             Began as an Octopode Fighter on Apr 5, 2018.
             Slain by an orc wizard
             ... wielding a +0 dagger
              (3 damage)
             ... on level 3 of the Dungeon.
             The game lasted 00:02:57 (2120 turns).

smeego the Ducker (Octopode Fighter)                Turns: 2120, Time: 00:02:58

Health: -1/31      AC:  3    Str: 20    XL:     4   Next: 75%
Magic:  4/4        EV: 12    Int: 11    God:
Gold:   67         SH:  0    Dex: 11    Spells: 3/3 levels left

rFire    . . .     SeeInvis .   a - +0 war axe
rCold    . . .     Gourm    .   b - +0 shield
rNeg     . . .     Faith    .   (helmet restricted)
rPois    .         Spirit   .   (no amulet)
rElec    .         Reflect  .   (no ring)
rCorr    .         Harm     .   (no ring)
MR       .....                  (no ring)
Stlth    ++........             (no ring)
HPRegen  0.10/turn              (no ring)
MPRegen  0.09/turn              (no ring)
                                (no ring)
                                (no ring)

@: confused, mighty
A: almost no armour, stealthy swim, amphibious, 8 rings, constrict 8, molten
scales 1, camouflage 1, mutation resistance 1, gelatinous body 1
a: no special abilities


You were on level 3 of the Dungeon.
You were not hungry.

You visited 1 branch of the dungeon, and saw 3 of its levels.

You collected 67 gold pieces.

Inventory:

Hand Weapons
 a - a +0 war axe (weapon)
 g - a +1 dagger of venom
Missiles
 e - 10 stones (quivered)
 l - 14 javelins
Armour
 b - a +0 shield (worn)
Jewellery
 n - a cursed ring of loudness {unknown}
Scrolls
 i - a scroll of amnesia {unknown}
 j - a scroll of remove curse
 m - a scroll of teleportation {unknown}
Comestibles
 d - 4 rations
 h - a chunk of flesh


   Skills:
 + Level 3.3 Fighting
 + Level 2.3 Axes
 + Level 0.1 Throwing
 + Level 3.4 Dodging
 + Level 2.1 Stealth
 + Level 3.3 Shields
 * Level 2.2 Unarmed Combat


You had 3 spell levels left.
You didn't know any spells.

Dungeon Overview and Level Annotations

Branches:
Dungeon (3/15)

Altars:
Nemelex Xobeh


Innate Abilities, Weirdness & Mutations

You cannot wear most types of armour.
You are very stealthy in the water. (Stealth+)
You are amphibious.
You can wear up to eight rings at the same time.
You can use your tentacles to constrict eight enemies at once.
Your skin changes colour to match your surroundings (Stealth+).
Your rubbery body absorbs attacks. (AC +1, EV +1)
You are partially covered in molten scales. (AC +2)
You are somewhat resistant to further mutation.


Message History

You closely miss something.
Your resistance to elements expires.
Something hits you but does no damage. x2
You closely miss something. Something completely misses you.
You barely miss something. Something hits you but does no damage.
You hear some strange, mumbled words.
A magic dart appears from out of thin air!
The magic dart hits you!
You closely miss something. Something hits you but does no damage.
You miss something.
You feel less wooden. Something hits you but does no damage.
You barely miss something. Something hits you.
* * * LOW HITPOINT WARNING * * *
You hear some strange, mumbled words.
You are confused.
You're too confused to attack without stumbling around!
You feel very mighty all of a sudden. Something hits you.
You die...

#...........
#...........
#...........
#...........
......... #....# .
#....# ...
#######....####.....
#...)).....{@.......
#.##############.##.
#.##........
#####.##........
#.....##........
#.######........
#.#.)...........
#.#.####........
#.#.# ##........


There were no monsters in sight!

Vanquished Creatures
  2 adders (D:2)
  An ooze (D:2)
  3 dart slugs (D:1)
  4 leopard geckos
  8 orcs
  A giant cockroach (D:1)
  5 hobgoblins
  4 jackals (D:1)
  8 kobolds
  4 bats
  2 frilled lizards (D:2)
  7 goblins
  10 rats
59 creatures vanquished.

Notes
Turn   | Place    | Note
-------+----------+-------------------------------------------
     0 | D:1      | smeego the Octopode Fighter began the quest for the Orb.
     0 | D:1      | Reached XP level 1. HP: 16/16 MP: 1/1
    73 | D:1      | Reached XP level 2. HP: 11/21 MP: 2/2
   380 | D:1      | Reached skill level 1 in Unarmed Combat
   429 | D:1      | Reached skill level 1 in Stealth
   584 | D:1      | Reached XP level 3. HP: 23/26 MP: 3/3
  1130 | D:2      | Gained mutation: Your spells are a little harder to cast, but a little more powerful. [potion of mutation]
  1130 | D:2      | Gained mutation: You are partially covered in iridescent scales. (AC +2) [potion of mutation]
  1131 | D:2      | Lost mutation: Your spells are a little harder to cast, but a little more powerful. [potion of mutation]
  1131 | D:2      | Lost mutation: You are partially covered in iridescent scales. (AC +2) [potion of mutation]
  1131 | D:2      | Gained mutation: You are partially covered in molten scales. (AC +2) [potion of mutation]
  1131 | D:2      | Gained mutation: You are somewhat resistant to further mutation. [potion of mutation]
  1587 | D:2      | Reached XP level 4. HP: 28/31 MP: 4/4
  1848 | D:2      | Found a sparkling altar of Nemelex Xobeh.
  2120 | D:3      | Slain by an orc wizard

Vault maps used:
D:1:      dpeg_arrival_arbitrary_c
D:2:      hex_medium, nemelex_dance_club_becter

Skill      XL: |  1  2  3  4 |
---------------+-------------+-----
Unarmed Combat | 1 2 |  2.2
Stealth        | 1 2 |  2.1
Fighting       | |  3.3
Axes           | |  2.3
Throwing       | |  0.1
Dodging        | |  3.4
Shields        | |  3.3

Action                   |  1- 3 |  4- 6 || total
-------------------------+-------+-------++-------
Melee: War axe           |    86 |    65 ||   151
       Constrict         |    21 |    10 ||    31
       Tentacles         |    15 |     6 ||    21
       Punch             |       |     1 ||     1
  Use: Potion            |     2 |     3 ||     5
       Scroll            |     2 |       ||     2
 Stab: Sleeping          |     8 |     1 ||     9
  Eat: Chunk             |     2 |     2 ||     4
Armor: Skin              |    13 |    34 ||    47
Dodge: Dodged            |    39 |    23 ||    62
Block: Shield            |    36 |    24 ||    60

Table legend:
 A = Spawn XP
 B = Non-spawn XP
 C = Spawn XP percentage of total XP
 D = Spawn monster count
 E = Non-spawn monster count
 F = Spawn count percentage of total count
 G = Total turns spent on level
                    A         B        C        D         E        F      G
               +---------+---------+-------+---------+---------+-------+---------
         Total |       0 |     145 |   0.0 |       0 |      59 |   0.0 |  2120
               +---------+---------+-------+---------+---------+-------+---------
           D:1 |       0 |      55 |   0.0 |       0 |      30 |   0.0 |  1081
           D:2 |       0 |      69 |   0.0 |       0 |      22 |   0.0 |   850
           D:3 |       0 |      21 |   0.0 |       0 |       7 |   0.0 |   189
               +---------+---------+-------+---------+---------+-------+---------
